 Dungeon Crawl Stone Soup version 0.18-a0-1040-g4865665 (webtiles) character file.

272 Kristof the Skirmisher (level 6, -5/56 HPs)
             Began as a Minotaur Fighter on Jan 10, 2016.
             Slain by Edmund
             ... wielding a +0 dire flail
              (13 damage)
             ... on level 4 of the Dungeon.
             The game lasted 00:06:18 (3097 turns).

Kristof the Skirmisher (Minotaur Fighter)           Turns: 3097, Time: 00:06:18

Health: -5/56      AC:  7    Str: 27    XL:     6   Next: 2%
Magic:  5/5        EV:  9    Int:  5    God:
Gold:   139        SH: 10    Dex: 10    Spells: 0 memorised, 5 levels left

rFire  . . .     SeeInvis .     a - +0 war axe
rCold  . . .     Gourm    .     b - +0 scale mail
rNeg   . . .     Faith    .     c - +0 shield
rPois  .         Spirit   .     (helmet restricted)
rElec  .         Dismiss  .     (no cloak)
rCorr  .         Reflect  .     (no gloves)
SustAt .         Harm     .     (no boots)
MR     .....                    (no amulet)
Stlth  ..........               (no ring)
                                (no ring)

@: mighty, about to teleport, very slightly contaminated, hasted, very quick,
not resistant to hostile enchantments, extremely unstealthy
A: retaliatory headbutt, horns 2
a: no special abilities


You were on level 4 of the Dungeon.
You were hungry.

You visited 1 branch of the dungeon, and saw 4 of its levels.

You collected 139 gold pieces.

Inventory:

Hand Weapons
 a - a +0 war axe (weapon)
Armour
 b - a +0 scale mail (worn)
 c - a +0 shield (worn)
Scrolls
 e - a scroll of noise {unknown}
 g - a scroll of identify
 m - a scroll of immolation
Potions
 d - a potion of might
 n - a potion of agility
Comestibles
 f - 4 bread rations
 l - 2 fruits


   Skills:
 + Level 5.0 Fighting
 + Level 3.9 Axes
 + Level 4.6 Armour
 + Level 2.5 Dodging
 + Level 5.0 Shields


You had 5 spell levels left.
You didn't know any spells.

Dungeon Overview and Level Annotations

Branches:
Dungeon (4/15)
 Temple: D:4-7

Altars:
Pakellas

Annotations:
D:4 Edmund, Sigmund


Innate Abilities, Weirdness & Mutations

You reflexively headbutt those who attack you in melee.
You have a pair of horns on your head.


Message History

You feel yourself speed up.
You are very lightly contaminated with residual magic.
Drink which item? (? for menu, Esc to quit)
You feel very mighty all of a sudden. Edmund hits you with a dire flail.
You slash Edmund! Your headbutt misses Edmund.
Edmund is heavily wounded.
Edmund says, "I'm quite good with sums, too."
Edmund hits you with a dire flail.
* * * LOW HITPOINT WARNING * * *
You closely miss Edmund.
Edmund is heavily wounded.
Something hits you!
* * * LOW HITPOINT WARNING * * *
Drink which item? (? for menu, Esc to quit)
Okay, then.
Read which item? (? for menu, Esc to quit)
As you read the scroll of teleportation, it crumbles to dust.
You feel strangely unstable. Edmund hits you with a dire flail!
You die...

.......###.#.###.###<...#
...#...# #.#..##.# ####.#
#..##..# #.#..##.######.#
#..# #.###.#............#
#..###.....#..###########
#........#.#..#
#..........#..#
#.####........#########.
#.# ###.###...@@.......
#<# #..##..#########. #.#
#..##..# #.#
#..##.....(.h. #..
#...###.## ..# ..... ..#
.#...#. ..# #.#...... ..#
# #.#.. #.


You could see Edmund.

Vanquished Creatures
  An ogre (D:3)
  An orc priest (D:3)
  An orc wizard (D:3)
  An iguana (D:4)
  3 adders (D:3)
  12 orcs (D:3)
  3 giant cockroaches
  6 goblins
  7 hobgoblins
  4 jackals (D:1)
  5 kobolds
  3 quokkas
  7 bats
  7 giant newts
  7 rats
68 creatures vanquished.

Notes
Turn   | Place    | Note
--------------------------------------------------------------
     0 | D:1      | Kristof the Minotaur Fighter began the quest for the Orb.
     0 | D:1      | Reached XP level 1. HP: 19/19 MP: 0/0
   108 | D:1      | Reached XP level 2. HP: 21/27 MP: 1/1
   538 | D:1      | Reached skill level 1 in Dodging
   541 | D:1      | Reached skill level 4 in Fighting
   597 | D:1      | Reached XP level 3. HP: 33/33 MP: 2/2
   694 | D:1      | Found an oddly glowing altar of Pakellas.
   960 | D:2      | Found an oddly glowing altar of Pakellas.
  1663 | D:3      | Reached XP level 4. HP: 25/40 MP: 3/3
  2132 | D:3      | Reached XP level 5. HP: 47/47 MP: 4/4
  2723 | D:3      | Noticed an ogre
  2729 | D:3      | Killed an ogre
  2729 | D:3      | Reached skill level 5 in Fighting
  2960 | D:4      | Reached skill level 5 in Shields
  2960 | D:4      | Reached XP level 6. HP: 44/56 MP: 5/5
  3080 | D:4      | Noticed Edmund
  3081 | D:4      | Noticed Sigmund
  3097 | D:4      | Slain by Edmund

Vault maps used:
D:1:      dpeg_arrival_houses_and_road, kennysheep_flooded_box
D:2:      grunt_pakellas_basics
D:3:      first_bread
D:4:      nicolae_ru_awakened_eye, minmay_misc_feat_nine_boxes, uniq_edmund,
          uniq_sigmund, uniq_menkaure

Action                   |  1- 3 |  4- 6 || total
-------------------------+-------+-------++-------
Melee: War axe           |    90 |    55 ||   145
  Use: Scroll            |       |     7 ||     7
       Potion            |       |     2 ||     2
  Eat: Chunk             |     2 |     4 ||     6
